 Dungeon Crawl Stone Soup version 0.21.0-37-g46506fa (webtiles) character file.

1196 tidbits the Digger (level 8, 58/58 HPs)
             Began as a Gnoll Earth Elementalist on Jan 31, 2018.
             Quit the game on level 5 of the Dungeon.
             The game lasted 00:25:21 (1871 turns).

tidbits the Digger (Gnoll Earth Elementalist)       Turns: 1871, Time: 00:25:21

Health: 58/58      AC:  3    Str: 13    XL:     8   Next: 44%
Magic:  14/17      EV: 15    Int: 20    God:
Gold:   244        SH:  0    Dex: 17    Spells: 4/19 levels left

rFire    . . .     SeeInvis .   a - +6 whip of the Dwarven Hall {protect, rC+ Str+2}
rCold    + . .     Gourm    .   (no shield)
rNeg     . . .     Faith    .   B - +0 leather armour "Wilim" {MR+++ rCorr Dex+2 Slay+2} (curse)
rPois    .         Spirit   .   (no helmet)
rElec    .         Reflect  .   (no cloak)
rCorr    +         Harm     .   (no gloves)
MR       +++..                  (no boots)
Stlth    +++.......             (no amulet)
HPRegen  0.19/turn              Y - +4 ring of slaying
MPRegen  0.15/turn              (no ring)

@: no status effects
A: distributed training, fangs 1, strong nose
a: no special abilities


You were on level 5 of the Dungeon.
You were not hungry.

You visited 1 branch of the dungeon, and saw 7 of its levels.

You collected 244 gold pieces.

Inventory:

Hand Weapons
 a - the +6 whip of the Dwarven Hall (weapon) {protect, rC+ Str+2}
   (You found it on level 4 of the Dungeon)

   It protects the one who uses it against injury (+AC on strike).
   It affects your strength (+2).
   It protects you from cold.
 d - a +0 hunting sling
 g - a +0 trident
 j - a +0 dagger of protection
   (You took it off an orc on level 3 of the Dungeon)
 q - a +0 war axe
Missiles
 h - 3 tomahawks
 k - 42 arrows
 l - 65 stones
 m - 4 poisoned tomahawks (quivered)
Armour
 B - the cursed +0 leather armour "Wilim" (worn) {MR+++ rCorr Dex+2 Slay+2}
   (You found it on level 4 of the Dungeon)

   It affects your dexterity (+2).
   It affects your accuracy and damage with ranged weapons and melee attacks
   (+2).
   It affects your resistance to hostile enchantments.
   It protects you from acid and corrosion.
   It has a curse placed upon it.
Jewellery
 Y - a +4 ring of slaying (left hand)
   (You found it on level 4 of the Dungeon)
Wands
 b - a wand of enslavement (4)
 f - a wand of disintegration (10)
Scrolls
 i - 2 scrolls of identify
 n - a scroll of teleportation
 r - 2 scrolls of remove curse
Potions
 o - a potion of flight
 p - a potion of heal wounds
 s - a potion of resistance
 t - a potion of mutation {unknown}
Books
 e - a book of Geomancy

   Spells                             Type                      Level
   a - Sandblast                      Earth                        1
   b - Passwall                       Transmutation/Earth          2
   c - Stone Arrow                    Conjuration/Earth            3
   d - Petrify                        Transmutation/Earth          4
   e - Lee's Rapid Deconstruction     Earth                        5
Comestibles
 c - 5 rations


   Skills:
 + Level 3.2 Fighting
 + Level 3.2 Short Blades
 + Level 3.2 Long Blades
 + Level 3.2 Axes
 + Level 3.2 Maces & Flails
 + Level 3.2 Polearms
 + Level 3.2 Staves
 + Level 3.2 Slings
 + Level 3.2 Bows
 + Level 3.2 Crossbows
 + Level 3.2 Throwing
 + Level 3.2 Armour
 + Level 5.6 Dodging
 + Level 5.3 Stealth
 + Level 3.2 Shields
 + Level 3.2 Unarmed Combat
 + Level 6.0 Spellcasting
 + Level 2.6 Conjurations
 + Level 2.6 Hexes
 + Level 2.6 Charms
 + Level 2.6 Summonings
 + Level 2.6 Necromancy
 + Level 2.6 Translocations
 + Level 3.4 Transmutations
 + Level 2.6 Fire Magic
 + Level 2.6 Ice Magic
 + Level 2.6 Air Magic
 + Level 6.1 Earth Magic
 + Level 2.6 Poison Magic
 + Level 3.5 Invocations
 + Level 3.2 Evocations


You had 4 spell levels left.
You knew the following spells:

 Your Spells              Type           Power        Failure   Level  Hunger
a - Sandblast             Erth           ####..       1%          1    None
e - Petrify               Tmut/Erth      ####....     19%         4    ####...
j - Stone Arrow           Conj/Erth      ###...       7%          3    ##.....
p - Passwall              Tmut/Erth      ####......   2%          2    None
D - Lee's Rapid Deconstr  Erth           ####......   30%         5    #####..


Dungeon Overview and Level Annotations

Branches:
Dungeon (7/15)
 Temple: D:4-7

Altars:
Dithmenos
Hepliaklqana
Xom

Annotations:
D:3 Nanban's ghost, amateur FoFi
D:6 exclusion: oklob plant


Innate Abilities, Weirdness & Mutations

Your experience applies equally to all skills.
You have very sharp teeth.
Your uncanny sense of smell can sniff out nearby items.


Message History

Aim: a worker ant (moderately wounded)
The blast of sand hits the worker ant.
You kill the worker ant!
l - 25 stones
Press: ? - help, v - describe, . - travel, g - get item 19 stones.
The floor.
You now have 235 gold pieces (gained 12).
You see here 19 stones.
l - 44 stones (gained 19)
Casting: Sandblast
Confirm with . or Enter, or press ? or * to list all spells.
Which direction?
You begin to meditate on the wall.
You continue meditating on the rock. x3
You finish merging with the rock.
An adder comes into view.
Casting: Passwall
Confirm with . or Enter, or press ? or * to list all spells.
Aiming: Sandblast
Press: ? - help, Shift-Dir - straight line, f - adder
Aim: an adder (resting)
The blast of sand hits the adder.
The adder is moderately wounded.
The adder hisses angrily.
l - 43 stones
Casting: Sandblast
Confirm with . or Enter, or press ? or * to list all spells.
Aiming: Sandblast
Press: ? - help, Shift-Dir - straight line, f/p - adder
Aim: an adder (moderately wounded)
The blast of sand hits the adder.
You kill the adder!
l - 42 stones
Okay, then.
Casting: Sandblast
Confirm with . or Enter, or press ? or * to list all spells.
Which direction?
You begin to meditate on the wall.
You continue meditating on the rock. x2
You finish merging with the rock.
Found 9 gold pieces.
You see here 9 gold pieces.
You now have 244 gold pieces (gained 9).
Unknown command.
Casting: Passwall
Confirm with . or Enter, or press ? or * to list all spells.
Which direction?
You begin to meditate on the wall.
You continue meditating on the rock. x3
You finish merging with the rock.
Found 27 stones.
You see here 27 stones.
l - 69 stones (gained 27)
You open the door.
A quokka comes into view.
There is an open door here.
Casting: Passwall
Confirm with . or Enter, or press ? or * to list all spells.
Aiming: Sandblast
Press: ? - help, Shift-Dir - straight line, f - quokka
Aim: a quokka (resting)
The blast of sand hits the quokka.
You kill the quokka!
l - 68 stones
Found a whip.
You see here a whip.
You open the door.
There is an open door here.
There is an open door here.
A jackal comes into view.
A jackal comes into view.
The jackal barks! x2
Casting: Sandblast
Confirm with . or Enter, or press ? or * to list all spells.
Aiming: Sandblast
Press: ? - help, Shift-Dir - straight line, f - jackal
Aim: a jackal The blast of sand hits the jackal.
The jackal is heavily wounded.
l - 67 stones The jackal bites you but does no damage.
Casting: Sandblast
Confirm with . or Enter, or press ? or * to list all spells.
Aiming: Sandblast
Press: ? - help, Shift-Dir - straight line, f/p - jackal
Aim: a jackal (heavily wounded)
The blast of sand hits the jackal.
You kill the jackal!
l - 66 stones The jackal barely misses you.
Casting: Sandblast
Confirm with . or Enter, or press ? or * to list all spells.
Aiming: Sandblast
Press: ? - help, Shift-Dir - straight line, f - jackal
Aim: a jackal The blast of sand hits the jackal.
You kill the jackal!
l - 65 stones
Casting: Sandblast
Confirm with . or Enter, or press ? or * to list all spells.
You can't see any susceptible monsters within range! (Use Z to cast anyway.) Are you sure you want to abandon this character and quit the game? (Confirm with "yes".)

###### ####### #.....
#.....# #.....
#.....##### #.....
#.....##... ########
##....†#######.....##...
†.......
.......@...........'....
########
##.....#######.....####.
..# ###### #.....# . ..#
####.....# # ..#
####........# ###
#...........#
#...........#
#.....).....# ###
#######
#.....#########..


There were no monsters in sight!

Vanquished Creatures
  Duvessa (D:4)
  An ogre (D:6)
  A centaur (D:5)
  A bullfrog (D:6)
  Dowan (D:4)
  2 scorpions (D:4)
  A jelly (D:6)
  4 orc priests
  2 hounds
  2 orc wizards (D:3)
  3 iguanas
  Jessica (D:3)
  4 worker ants
  A worker ant zombie (D:5)
  6 gnolls (D:4)
  9 adders
  A shadow imp (D:5)
  An ooze (D:2)
  A worm (D:3)
  5 leopard geckos
  26 orcs
  3 ball pythons (D:3)
  4 bats
  3 giant cockroaches
  4 hobgoblins
  3 jackals (D:5)
  4 quokkas
  4 frilled lizards
  A goblin (D:3)
  A kobold (D:1)
  A leopard gecko zombie (D:5)
  2 rats
104 creatures vanquished.

Vanquished Creatures (others)
  A worker ant (D:4)
  An adder (D:4)
2 creatures vanquished.

Grand Total: 106 creatures vanquished

Notes
Turn   | Place    | Note
-------+----------+-------------------------------------------
     0 | D:1      | tidbits the Gnoll Earth Elementalist began the quest for the Orb.
     0 | D:1      | Reached XP level 1. HP: 13/13 MP: 6/6
    37 | D:1      | Reached skill level 2 in Transmutations
    67 | D:2      | Reached XP level 2. HP: 20/20 MP: 4/7
   148 | D:2      | Reached XP level 3. HP: 25/25 MP: 6/9
   162 | D:2      | Reached skill level 5 in Spellcasting
   176 | D:2      | Learned a level 2 spell: Passwall
   307 | D:3      | Noticed Nanban's ghost (amateur FoFi)
   313 | D:4      | Reached skill level 1 in Fighting
   313 | D:4      | Reached skill level 1 in Short Blades
   313 | D:4      | Reached skill level 1 in Long Blades
   313 | D:4      | Reached skill level 1 in Axes
   313 | D:4      | Reached skill level 1 in Maces & Flails
   313 | D:4      | Reached skill level 1 in Polearms
   313 | D:4      | Reached skill level 1 in Staves
   313 | D:4      | Reached skill level 1 in Slings
   313 | D:4      | Reached skill level 1 in Bows
   313 | D:4      | Reached skill level 1 in Crossbows
   313 | D:4      | Reached skill level 1 in Throwing
   313 | D:4      | Reached skill level 1 in Armour
   313 | D:4      | Reached skill level 1 in Shields
   313 | D:4      | Reached skill level 1 in Unarmed Combat
   313 | D:4      | Reached skill level 1 in Invocations
   313 | D:4      | Reached skill level 1 in Evocations
   327 | D:4      | Reached XP level 4. HP: 32/32 MP: 2/11
   359 | D:4      | Found a shadowy altar of Dithmenos.
   373 | D:4      | Got an iridescent whip
   374 | D:4      | Identified the +6 whip of the Dwarven Hall {protect, rC+ Str+2} (You found it on level 4 of the Dungeon)
   400 | D:4      | Reached skill level 1 in Conjurations
   400 | D:4      | Reached skill level 1 in Hexes
   400 | D:4      | Reached skill level 1 in Charms
   400 | D:4      | Reached skill level 1 in Summonings
   400 | D:4      | Reached skill level 1 in Necromancy
   400 | D:4      | Reached skill level 1 in Translocations
   400 | D:4      | Reached skill level 1 in Fire Magic
   400 | D:4      | Reached skill level 1 in Ice Magic
   400 | D:4      | Reached skill level 1 in Air Magic
   400 | D:4      | Reached skill level 1 in Poison Magic
   403 | D:4      | Got a spiked leather armour
   414 | D:4      | Identified the cursed +0 leather armour "Wilim" {MR+++ rCorr Dex+2 Slay+2} (You found it on level 4 of the Dungeon)
   429 | D:3      | Reached XP level 5. HP: 30/37 MP: 6/12
   501 | D:3      | Noticed Jessica
   514 | D:3      | Killed Jessica
   558 | D:3      | Reached XP level 6. HP: 29/44 MP: 10/13
   575 | D:3      | Reached skill level 2 in Invocations
   623 | D:3      | HP: 5/66 [orc (2)]
   679 | D:3      | Reached skill level 5 in Dodging
   733 | D:3      | Reached skill level 2 in Fighting
   733 | D:3      | Reached skill level 2 in Short Blades
   733 | D:3      | Reached skill level 2 in Long Blades
   733 | D:3      | Reached skill level 2 in Axes
   733 | D:3      | Reached skill level 2 in Maces & Flails
   733 | D:3      | Reached skill level 2 in Polearms
   733 | D:3      | Reached skill level 2 in Staves
   733 | D:3      | Reached skill level 2 in Slings
   733 | D:3      | Reached skill level 2 in Bows
   733 | D:3      | Reached skill level 2 in Crossbows
   733 | D:3      | Reached skill level 2 in Throwing
   733 | D:3      | Reached skill level 2 in Armour
   733 | D:3      | Reached skill level 2 in Shields
   733 | D:3      | Reached skill level 2 in Unarmed Combat
   733 | D:3      | Reached skill level 2 in Evocations
   769 | D:4      | Noticed Duvessa
   782 | D:4      | Noticed Dowan
   873 | D:4      | Reached XP level 7. HP: 34/50 MP: 11/15
   938 | D:4      | Killed Duvessa
   940 | D:4      | Killed Dowan
   940 | D:4      | Reached skill level 2 in Conjurations
   940 | D:4      | Reached skill level 2 in Hexes
   940 | D:4      | Reached skill level 2 in Charms
   940 | D:4      | Reached skill level 2 in Summonings
   940 | D:4      | Reached skill level 2 in Necromancy
   940 | D:4      | Reached skill level 2 in Translocations
   940 | D:4      | Reached skill level 2 in Fire Magic
   940 | D:4      | Reached skill level 2 in Ice Magic
   940 | D:4      | Reached skill level 2 in Air Magic
   940 | D:4      | Reached skill level 2 in Poison Magic
   985 | D:4      | Reached skill level 3 in Transmutations
  1008 | D:5      | Entered Level 5 of the Dungeon
  1154 | D:5      | Reached skill level 5 in Stealth
  1299 | D:5      | Found a hazy altar of Hepliaklqana.
  1404 | D:5      | HP: 4/51 [centaur (7)]
  1407 | D:5      | Reached skill level 3 in Invocations
  1417 | D:5      | Learned a level 3 spell: Stone Arrow
  1452 | D:6      | Learned a level 4 spell: Petrify
  1489 | D:6      | Found a shimmering altar of Xom.
  1490 | D:6      | Noticed an oklob plant
  1526 | D:6      | Reached skill level 6 in Earth Magic
  1526 | D:6      | Reached XP level 8. HP: 17/57 MP: 9/16
  1533 | D:6      | Learned a level 5 spell: Lee's Rapid Deconstruction
  1645 | D:6      | Reached skill level 3 in Fighting
  1645 | D:6      | Reached skill level 3 in Short Blades
  1645 | D:6      | Reached skill level 3 in Long Blades
  1645 | D:6      | Reached skill level 3 in Axes
  1645 | D:6      | Reached skill level 3 in Maces & Flails
  1645 | D:6      | Reached skill level 3 in Polearms
  1645 | D:6      | Reached skill level 3 in Staves
  1645 | D:6      | Reached skill level 3 in Slings
  1645 | D:6      | Reached skill level 3 in Bows
  1645 | D:6      | Reached skill level 3 in Crossbows
  1645 | D:6      | Reached skill level 3 in Throwing
  1645 | D:6      | Reached skill level 3 in Armour
  1645 | D:6      | Reached skill level 3 in Shields
  1645 | D:6      | Reached skill level 3 in Unarmed Combat
  1645 | D:6      | Reached skill level 3 in Evocations
  1731 | D:5      | Reached skill level 6 in Spellcasting
  1871 | D:5      | Quit the game

Skill      XL: |  1  2  3  4  5  6  7  8 |
---------------+-------------------------+-----
Transmutations | 2 3 |  3.4
Spellcasting   | 5 6 |  6.0
Fighting       | 1 2 3 |  3.2
Short Blades   | 1 2 3 |  3.2
Long Blades    | 1 2 3 |  3.2
Axes           | 1 2 3 |  3.2
Maces & Flails | 1 2 3 |  3.2
Polearms       | 1 2 3 |  3.2
Staves         | 1 2 3 |  3.2
Slings         | 1 2 3 |  3.2
Bows           | 1 2 3 |  3.2
Crossbows      | 1 2 3 |  3.2
Throwing       | 1 2 3 |  3.2
Armour         | 1 2 3 |  3.2
Shields        | 1 2 3 |  3.2
Unarmed Combat | 1 2 3 |  3.2
Invocations    | 1 2 3 |  3.5
Evocations     | 1 2 3 |  3.2
Conjurations   | 1 2 |  2.6
Hexes          | 1 2 |  2.6
Charms         | 1 2 |  2.6
Summonings     | 1 2 |  2.6
Necromancy     | 1 2 |  2.6
Translocations | 1 2 |  2.6
Fire Magic     | 1 2 |  2.6
Ice Magic      | 1 2 |  2.6
Air Magic      | 1 2 |  2.6
Poison Magic   | 1 2 |  2.6
Dodging        | 5 |  5.6
Stealth        | 5 |  5.3
Earth Magic    | 6 |  6.1

Action                   |  1- 3 |  4- 6 |  7- 9 || total
-------------------------+-------+-------+-------++-------
Melee: Hand axe          |       |     2 |       ||     2
       Whip              |       |    55 |    41 ||    96
       Bite              |       |     3 |     2 ||     5
       Punch             |       |     1 |     1 ||     2
Throw: Tomahawk          |       |     4 |       ||     4
 Cast: Sandblast         |    19 |    53 |    48 ||   120
       Passwall          |     3 |       |    12 ||    15
       Stone Arrow       |       |       |     9 ||     9
Evoke: Wand              |       |       |     2 ||     2
  Use: Scroll            |     3 |     1 |     6 ||    10
       Potion            |     3 |     3 |     3 ||     9
 Stab: Sleeping          |       |     1 |     4 ||     5
  Eat: Ration            |     2 |       |       ||     2
Armor: Leather armour    |       |    15 |     9 ||    24
       Skin              |       |     5 |    10 ||    15
Dodge: Dodged            |     1 |    50 |    34 ||    85

Table legend:
 A = Turns spent in this place as a percentage of turns spent in the entire game.
 B = Non-inter-level travel turns spent in this place as a percentage of non-inter-level travel turns spent in the entire game.
 C = Inter-level travel turns spent in this place as a percentage of turns spent in this place.
 D = Turns resting spent in this place as a percentage of non-inter-level travel turns spent in this place.
 E = Turns spent auto-exploring this place as a percentage of non-inter-level travel turns spent in this place.
 F = Non-inter-level travel turns spent in this place divided by the number of levels of this place that you've seen.
                   A       B       C       D       E      F
               +-------+-------+-------+-------+-------+----------------------
         Total | 100.0 | 100.0 |   0.0 |   0.0 |   0.0 | 267.3
       Dungeon | 100.0 | 100.0 |   0.0 |   0.0 |   0.0 | 267.3
               +-------+-------+-------+-------+-------+----------------------

Table legend:
 A = Kills in this place as a percentage of kills in entire the game.
 B = Kills by you in this place as a percentage of kills by you in the entire game.
 C = Kills by friends in this place as a percentage of kills by friends in the entire game.
 D = Other kills in this place as a percentage of other kills in the entire game.
 E = Experience gained in this place as a percentage of experience gained in the entire game.
 F = Experience gained in this place divided by the number of levels of this place that you have seen.
                   A       B       C       D       E      F
               +-------+-------+-------+-------+-------+----------------------
         Total | 100.0 | 100.0 |   N/A |   N/A | 100.0 | 244.1
       Dungeon | 100.0 | 100.0 |   N/A |   N/A | 100.0 | 244.1
               +-------+-------+-------+-------+-------+----------------------

Vault maps used:
D:1:      roderic_chinese_lattice_arrival, minmay_split_cup_large
D:2:      lemuel_coloured_pillars_altar, first_ration,
          nicolae_underground_beach, uniq_sigmund
D:3:      hangedman_decor_points, minivault_4, minmay_snake_closets,
          uniq_jessica
D:4:      nicolae_dithmenos_through_a_glass_darkly, lemuel_temple_firewalk_b,
          hangedman_feature_mirror, uniq_duvessa
D:5:      kennysheep_mini, nemelex_diamond_rough_becter
D:6:      lemuel_oklob_altar
D:7:      kennysheep_little_box, minmay_overflow_temple_hex, elyvilon_altar_1,
          marbit_many_paths, nicolae_benzene_ring
